Map: Blackburn LE

Players

AGOElazer (Elazer) - Winner!

  • Race: Zerg Zerg
  • League: Master

HeroMarine

  • Race: Terran Terran
  • League: Master

VOD

Have the link to the VOD?

Description

Time

  • Played on: Oct. 21, 2021, 9:43 a.m.
  • Length: 9:14
Show
View Real Time Build Order
Export as new Build Order

AGOElazer Zerg - Winner!

Build Orders: Hatch First 

Get SALT Encoding   

  12  0:00  Drone  
  13  0:12  Overlord  
  13  0:17  Drone  
  14  0:30  Drone x2  
  16  0:48  Hatchery  
  15  0:51  Drone  
  15  0:54  Drone  
  17  0:58  Drone  
  18  1:08  Extractor  
  17  1:13  Spawning Pool  
  17  1:16  Drone  
  17  1:20  Drone  
  18  1:27  Drone  
  19  1:38  Drone  
  20  1:51  Drone  
  21  1:59  Queen  
  21  2:00  Queen, Zergling x2  
  21  2:01  Zergling x2  
  27  2:11  Drone, Metabolic Boost  
  27  2:12  Overlord  
  28  2:33  Hatchery  
  28  2:34  Drone x2  
  28  2:39  Drone x2  
  30  2:46  Queen  
  30  2:51  Overlord  
  32  2:54  Drone  
  32  2:56  Drone  
  35  2:58  Drone  
  35  3:07  Overlord  
  35  3:09  Drone x3  
  35  3:11  Drone  
  39  3:17  Queen  
  41  3:24  Queen  
  43  3:27  Drone x2  
  43  3:31  Overlord  
  45  3:34  Drone  
  46  3:43  Drone x3  
  46  3:44  Drone  
  46  3:47  Queen  
  52  3:48  Drone x2  
  52  3:50  Drone  
  52  3:54  Zergling x6  
  58  3:59  Queen  
  60  4:03  Overlord  
  60  4:05  Drone x2  
  60  4:07  Drone  
  60  4:09  Drone  
  64  4:12  Drone  
  65  4:17  Overlord  
  65  4:18  Overlord  
  65  4:19  Drone  
  65  4:23  Drone x3  
  69  4:25  Lair  
  69  4:32  Overlord  
  69  4:36  Extractor  
  69  4:37  Drone x4, Extractor  
  69  4:38  Queen  
  71  4:41  Drone x2  
  75  4:45  Baneling Nest  
  75  4:46  Drone  
  75  4:50  Overlord  
  75  4:51  Drone  
  76  4:53  Drone x2  
  76  4:54  Drone x2  
  76  4:57  Extractor x2  
  78  5:04  Overlord  
  78  5:06  Spore Crawler, Extractor  
  76  5:07  Drone x3  
  76  5:08  Drone x3  
  76  5:09  Drone  
  76  5:11  Drone  
  84  5:14  Overlord  
  84  5:22  Drone x4  
  84  5:28  Spire, Hatchery  
  86  5:31  Zergling x4  
  86  5:33  Baneling x2  
  86  5:35  Zergling x4  
  90  5:40  Centrifugal Hooks  
  90  5:41  Overlord  
  90  5:48  Overlord  
  90  5:49  Zergling x2  
  91  5:50  Zergling x8  
  91  5:55  Overlord  
  94  5:59  Overlord  
  94  6:03  Drone x2, Evolution Chamber  
  95  6:06  Roach Warren  
  94  6:16  Overlord  
  92  6:41  Corruptor x5  
  92  6:43  Corruptor x5  
  112  6:47  Drone x5  
  112  6:52  Drone x4  
  121  6:55  Zerg Missile Weapons Level 1  
  121  7:03  Glial Reconstitution  
  121  7:04  Overlord  
  121  7:10  Roach x7  
  121  7:12  Drone  
  121  7:13  Drone  
  121  7:14  Drone  
  138  7:19  Roach x3  
  144  7:29  Overlord  
  144  7:32  Roach x5  
  150  7:46  Roach  
  150  7:47  Roach x4  
  150  7:48  Overlord x4  
  160  7:54  Roach x4  
  168  8:08  Roach x11  
  187  8:16  Overlord  
  187  8:18  Ravager x4  
  187  8:19  Zergling x12  
  196  8:29  Zergling x10  
  199  8:39  Baneling  
  199  8:40  Baneling x11  
  199  8:49  Extractor x2  
  199  8:53  Ravager x2  
  199  8:56  Hatchery  
Show
View Real Time Build Order
Export as new Build Order

HeroMarine Terran 

Build Orders: Reaper Expand 

Get SALT Encoding   

  12  0:01  SCV  
  13  0:13  SCV  
  14  0:17  Supply Depot  
  14  0:25  SCV  
  15  0:38  SCV  
  15  0:40  Barracks  
  16  0:44  Refinery  
  16  0:50  SCV  
  17  1:03  SCV  
  18  1:15  SCV  
  19  1:27  Reaper, Orbital Command  
  20  1:40  Command Center  
  20  1:51  Supply Depot  
  20  1:53  SCV  
  21  1:59  Marine  
  22  2:05  SCV  
  23  2:14  Factory  
  23  2:17  SCV  
  23  2:21  Barracks Reactor  
  24  2:29  SCV  
  25  2:41  SCV  
  25  2:42  Command Center  
  26  2:52  Orbital Command  
  26  2:53  SCV  
  27  3:01  Starport  
  27  3:05  SCV  
  27  3:07  Refinery  
  27  3:11  Hellion  
  30  3:15  Hellion  
  30  3:18  SCV  
  33  3:20  SCV  
  34  3:30  SCV  
  34  3:32  SCV  
  34  3:33  Hellion  
  38  3:37  Hellion  
  38  3:39  Viking  
  42  3:42  SCV  
  42  3:44  SCV  
  42  3:45  Marine  
  45  3:54  Orbital Command  
  46  3:55  SCV  
  46  3:56  SCV  
  46  3:59  Fusion Core  
  47  4:07  Hellion  
  47  4:08  Hellion  
  51  4:10  Starport Tech Lab, Barracks Tech Lab  
  51  4:11  SCV x2  
  53  4:20  Supply Depot  
  53  4:21  SCV  
  53  4:23  SCV x2  
  56  4:31  Hellion  
  58  4:32  Hellion  
  58  4:33  SCV  
  61  4:40  Refinery x2  
  61  4:42  Supply Depot  
  61  4:43  Supply Depot  
  63  4:52  Hellion  
  63  4:53  SCV x3, Hellion  
  68  5:04  Battlecruiser  
  68  5:05  Supply Depot  
  74  5:07  Supply Depot  
  74  5:08  SCV x2  
  74  5:09  SCV  
  77  5:20  SCV x2  
  80  5:24  Factory x2  
  79  5:32  SCV x2  
  79  5:34  Hellion x2  
  85  5:37  Refinery  
  85  5:40  Orbital Command  
  85  5:42  Refinery  
  85  5:44  SCV x2  
  85  5:45  Weapon Refit  
  85  5:49  Supply Depot  
  87  5:56  SCV x2, Hellion x2  
  89  6:08  SCV  
  89  6:09  SCV, Armory  
  89  6:10  Armory  
  91  6:16  SCV, Factory Tech Lab  
  92  6:20  SCV  
  92  6:21  SCV  
  92  6:25  Battlecruiser  
  100  6:28  SCV  
  97  6:33  SCV  
  97  6:39  Engineering Bay  
  104  6:41  SCV  
  104  6:42  SCV  
  104  6:45  SCV  
  107  6:54  Mag-Field Accelerator  
  108  6:57  SCV, Thor  
  108  7:00  SCV  
  109  7:08  Missile Turret  
  109  7:10  Missile Turret  
  109  7:15  Missile Turret  
  109  7:20  Supply Depot  
  109  7:21  Supply Depot  
  109  7:38  Factory  
  109  7:40  Factory  
  109  7:42  SCV x3, Thor  
  121  7:45  Thor  
  124  7:52  Command Center  
  124  7:53  Hellion x2  
  124  7:54  Supply Depot  
  128  8:01  Missile Turret  
  128  8:02  Missile Turret x2  
  128  8:04  Battlecruiser  
  132  8:08  SCV  
  133  8:13  SCV x2  
  133  8:16  Hellion x2  
  129  8:23  Factory Tech Lab x2  
  129  8:26  Missile Turret, Factory Tech Lab  
  127  8:29  Siege Tank  
  121  8:37  Hellion  
  121  8:38  Hellion  
  125  8:42  Siege Tank  
  134  8:52  Missile Turret  
  134  8:58  Missile Turret  
  134  9:00  Missile Turret  
Tags
 
Add a new tag
Caveats
  • Supply blocks, unpowered buildings, or Contaminate may cause inaccurate times.
  • Supply counts are checked every 10 seconds.